 Dungeon Crawl Stone Soup version 0.17.1-2-g5865329 (webtiles) character file.

2470 Kiel97 the Shield-Bearer (level 9, -2/54 HPs)
             Began as a Gargoyle Fighter on Feb 7, 2016.
             Engulfed by a steam dragon's steam (15 damage)
             ... on level 7 of the Dungeon.
             The game lasted 00:17:25 (6833 turns).

Kiel97 the Shield-Bearer (Gargoyle Fighter)         Turns: 6833, Time: 00:17:25

Health: -2/54      AC: 13    Str: 21    XL:     9   Next: 51%
Magic:  10/10      EV: 10    Int:  9    God:
Gold:   379        SH: 12    Dex: 11    Spells: 0 memorised, 8 levels left

rFire  x . .     SeeInvis +     a - +2 whip (venom)
rCold  + . .     Clarity  .     b - +0 scale mail
rNeg   + . .     SustAt   .     c - +1 shield
rPois  ∞         Gourm    .     m - +0 helmet
rElec  +         Spirit   .     s - +1 cloak
rCorr  .         Warding  .     u - +0 pair of gloves
rMut   .         Stasis   .     t - +0 pair of boots
MR     .....                    (no amulet)
Stlth  ..........               o - ring of ice
                                n - ring of see invisible

@: corroded equipment, not resistant to hostile enchantments, extremely
unstealthy
A: yellow scales 1, negative energy resistance 1, electricity resistance,
unbreathing, petrification resistance, rot immunity, AC +5
a: no special abilities


You were on level 7 of the Dungeon.
You were hungry.

You visited 2 branches of the dungeon, and saw 8 of its levels.

You collected 379 gold pieces.

Inventory:

Hand Weapons
 a - a +2 whip of venom (weapon)
 w - a +0 flail of protection
Armour
 b - a +0 scale mail (worn)
 c - a +1 shield (worn)
 m - a +0 helmet (worn)
 s - a +1 cloak (worn)
 t - a +0 pair of boots (worn)
 u - a +0 pair of gloves (worn)
Jewellery
 n - a ring of see invisible (left hand)
 o - a ring of ice (right hand)
Wands
 p - a wand of random effects (20)
Scrolls
 f - a scroll of fear
 g - 4 scrolls of teleportation
 j - a scroll of recharging
 k - 2 scrolls of identify
 l - 3 scrolls of remove curse
Potions
 d - 3 potions of might
 i - a potion of curing
 q - 2 potions of flight
 r - a potion of agility
Comestibles
 e - 10 bread rations
 h - 6 meat rations
 v - 12 fruits


   Skills:
 * Level 5.6 Fighting
 * Level 7.1 Maces & Flails
 * Level 6.4 Armour
 - Level 3.5 Dodging
 - Level 1.0 Stealth
 * Level 7.6 Shields
 + Level 1.5 Evocations


You had 8 spell levels left.
You didn't know any spells.

Dungeon Overview and Level Annotations

Branches:
Dungeon (7/15)             Temple (1/1) D:6

Altars:
Ashenzari
Cheibriados
Dithmenos
Elyvilon
Fedhas
Kikubaaqudgha
Makhleb
Nemelex Xobeh
Qazlal
Ru
Sif Muna
Trog
Vehumet
Xom
Yredelemnul
The Shining One


Innate Abilities, Weirdness & Mutations

You are resistant to torment.
Your stone body is resilient (AC +5).
You are immune to poison.
You resist negative energy.
You are resistant to electric shocks.
You can survive without breathing.
You are immune to petrification.
You are immune to rotting.
You are partially covered in yellow scales (AC +2).


Message History

The steam dragon bites you.
The steam dragon claws you but does no damage.
You hit the steam dragon but do no damage.
The steam dragon is poisoned.
The steam dragon bites you but does no damage.
The steam dragon claws you but does no damage.
You hit the steam dragon but do no damage.
The steam dragon looks even sicker.
The steam dragon is lightly wounded.
You hit the steam dragon but do no damage.
The steam dragon is lightly wounded.
The steam dragon breathes steam at you. The ball of steam hits you!
The steam scalds you terribly!
Ouch! That really hurt!
* * * LOW HITPOINT WARNING * * *
You hear a shout! x3
Drink which item? (? for menu, Esc to quit)
You feel better.
You are engulfed in a cloud of scalding steam.
You die...

....... D......
....... .......
#### .......
#).. ##.......
#... ##
##........ #...
#.###D........
##)#
#..@.###.....
#.# ##...# #...
##. #...## .. #.
##....## . ##
##......## ##.
#........## ##..
#.##..##...#####
#... #.#
##..###...#.#
#... ## #..
##....####...


You could see a steam dragon.

Vanquished Creatures
  Joseph (D:7)
  2 ice beasts
  3 sky beasts
  A phantom (D:6)
  3 ogres
  3 centaurs
  The ghost of antares the Magician, an amateur DEWz (D:3)
  2 scorpions
  4 wights (D:6)
  A crimson imp (D:6)
  2 jellies
  Crazy Yiuf (D:7)
  A gnoll shaman (D:3)
  2 centaur skeletons
  2 hounds (D:4)
  4 orc wizards
  3 iguanas
  A worker ant (D:5)
  2 hound skeletons
  A worker ant zombie (D:5)
  7 adders
  6 gnolls
  A shadow imp (D:6)
  An ooze (D:2)
  2 adder zombies
  2 worms
  4 giant geckos
  17 orcs
  5 bats
  14 goblins
  7 hobgoblins
  7 jackals
  8 kobolds
  3 quokkas
  4 giant cockroaches
  A giant gecko skeleton (D:6)
  3 giant newts
  A quokka skeleton (D:6)
  15 rats
148 creatures vanquished.

Notes
Turn   | Place    | Note
--------------------------------------------------------------
     0 | D:1      | Kiel97 the Gargoyle Fighter began the quest for the Orb.
     0 | D:1      | Reached XP level 1. HP: 14/14 MP: 1/1
   156 | D:1      | Reached XP level 2. HP: 17/19 MP: 2/2
   504 | D:1      | You fall through a shaft!
   550 | D:2      | Reached skill level 4 in Shields
   550 | D:2      | Reached XP level 3. HP: 14/23 MP: 3/3
  1201 | D:2      | Reached XP level 4. HP: 24/28 MP: 4/4
  1486 | D:2      | Reached skill level 1 in Dodging
  1831 | D:3      | Noticed antares's ghost (amateur DEWz)
  2027 | D:3      | Killed antares's ghost
  2027 | D:3      | Reached XP level 5. HP: 33/33 MP: 5/5
  2571 | D:3      | Reached XP level 6. HP: 31/38 MP: 6/6
  2922 | D:4      | Reached skill level 5 in Shields
  3467 | D:5      | Entered Level 5 of the Dungeon
  3476 | D:4      | Reached XP level 7. HP: 38/43 MP: 7/7
  3757 | D:5      | Reached skill level 5 in Maces & Flails
  4358 | D:6      | Reached XP level 8. HP: 37/48 MP: 8/8
  4464 | D:6      | Found a basalt altar of Yredelemnul.
  4508 | D:6      | Reached skill level 6 in Shields
  4615 | D:6      | Reached skill level 5 in Armour
  4952 | D:6      | Found a glowing golden altar of the Shining One.
  5456 | D:6      | Found a sparkling altar of Nemelex Xobeh.
  5578 | D:6      | Found a staircase to the Ecumenical Temple.
  5584 | Temple   | Entered the Ecumenical Temple
  5969 | D:6      | Reached skill level 1 in Stealth
  6086 | D:7      | Gained mutation: You are partially covered in yellow scales (AC +2). [potion of beneficial mutation]
  6185 | D:7      | Noticed Joseph
  6230 | D:7      | Reached skill level 7 in Shields
  6230 | D:7      | Reached XP level 9. HP: 44/53 MP: 9/9
  6272 | D:6      | Reached skill level 5 in Fighting
  6272 | D:6      | Reached skill level 1 in Evocations
  6383 | D:7      | Killed Joseph
  6768 | D:7      | Noticed Crazy Yiuf
  6778 | D:7      | Killed Crazy Yiuf
  6833 | D:7      | Engulfed by a steam dragon's steam

Action                   |  1- 3 |  4- 6 |  7- 9 || total
-------------------------+-------+-------+-------++-------
Melee: Flail             |   169 |   152 |       ||   321
       Whip              |       |    50 |   405 ||   455
Evoke: Wand              |       |     1 |       ||     1
  Use: Potion            |     6 |       |     4 ||    10
       Scroll            |     2 |     6 |     1 ||     9
 Stab: Invisible         |     2 |       |       ||     2
  Eat: Chunk             |     1 |     7 |    10 ||    18
       Beef jerky        |       |       |     1 ||     1
